Unix xNetHack Version 8.0.0 - last build Mar 23 2024 02:42:02 (1964348d4f5f1cf1067ea9968e02252fcc83c468). Game began 2024-03-23 16:49:21, ended 2024-03-23 17:02:15. Catomat, neutral female human Wizard --------- |.....<.+ |......@| |........ |!.....F| -.-|----- Catomat the Conjurer St:11 Dx:14 Co:14 In:17 Wi:9 Ch:10 Neutral S:615 Dlvl:4 $:131 HP:0(25) Pw:41(48) AC:9 Xp:4/80 T:1082 FoodPois Latest messages: Mewmew bites the acid blob. The acid blob is killed! Mewmew is splashed by the acid blob's acid! The door opens. $ - 3 gold pieces {0} (131 in total). You swap places with Mewmew. You try to move the boulder, but in vain. You try to move the boulder, but in vain. You try to move the boulder, but in vain. Where do you want to travel to? (For instructions type a '?') You descend the stairs. The sewer rat bites! The coyote bites! In what direction? The spell hits the coyote! You kill the coyote! The sewer rat bites! In what direction? The spell hits the sewer rat! You kill the sewer rat! You hear a door open. You miss the lichen. You kill the lichen! You see here a jackal corpse. There is a jackal corpse here; eat it? [ynq] (n) Ulch - that meat was tainted! You feel deathly sick. (It must have died too long ago to be safe to eat.) s - a scroll labeled VENZAR BORGAVVE {5}. You see here a lichen corpse. h - a lichen corpse {20} (4 in total). Your sickness feels worse. # Are you sure you want to pray? [yn] (n) You begin praying to Thoth. Your sickness is severe. You finish your prayer. You feel that Thoth is displeased. What do you want to drink? [jor or ?*] You feel more experienced. Welcome to experience level 4. You hear a door open. You are at Death's door. # Are you sure you want to pray? [yn] (n) You begin praying to Thoth. You die from your illness. Do you want your possessions identified? [ynq] (y) Do you want to see your attributes? [ynq] (y) Inventory: Inventory: 421/675 weight (18/52 slots) Coins $ - 131 gold pieces {1} Weapons l - a +0 bone orcish dagger {3} a - a blessed +1 quarterstaff (weapon in hands) {40} Armor b - an uncursed +0 cloak of magic resistance (being worn) {8} Comestibles q - 2 uncursed food rations {40} p - an uncursed tripe ration {10} h - 4 uncursed lichen corpses {80} Scrolls i - a blessed scroll of blank paper {5} s - an uncursed scroll of light {5} n - an uncursed scroll of remove curse {5} m - a cursed scroll of scare monster {5} Spellbooks c - a blessed spellbook of force bolt {35} f - an uncursed spellbook of haste self {45} d - a blessed spellbook of magic missile {40} e - an uncursed spellbook of restore ability {45} Potions o - an uncursed potion of levitation {20} j - an uncursed potion of sickness named milky {20} Wands g - a wand of polymorph (0:5) {7} k - a wand of slow monster (0:6) {7} Catomat the Wizard's attributes: Background: You were a Conjurer, a level 4 female human Wizard. You were neutral, on a mission for Thoth who was opposed by Ptah (lawful) and Anhur (chaotic). You were heterosexual. You were in the Dungeons of Doom, on level 4. You entered the dungeon 1082 turns ago. You had 80 experience points, 80 more were needed to attain level 5. Your score was 615 before end-of-game adjustments. Basics: You had 0 out of 25 hit points. You had 41 out of 48 energy points (spell power). Your armor class was 9. Your wallet contained 131 zorkmids. Autopickup was on for '$"?!=/' plus thrown. Final Characteristics: Your strength was 11 (limit:18/100). Your dexterity was 14 (limit:18). Your constitution was 14 (limit:18). Your intelligence was 17 (limit:18). Your wisdom was 9 (limit:18). Your charisma was 10 (limit:18). Final Status: You died from food poisoning. You were not hungry. You were unencumbered. You were wielding a quarterstaff. You had basic skill with quarterstaff. Final Attributes: You were nominally aligned. You were magic-protected. You were warded. You were unlucky. You are dead. Miscellaneous: You never encountered a bones level. Total elapsed playing time was 12 minutes and 53 seconds. Major events: Turn 1: Catomat the neutral female human Wizard entered the dungeon 512: entered the Gnomish Mines 593: attained the rank of Conjurer (level 3) 1082: poisoned by a rotted jackal corpse, while praying Vanquished creatures: a little dog 3 orc zombies 7 dwarf zombies an acid blob 3 coyotes a yellow mold 2 jackals a kobold 3 goblins 3 sewer rats 4 grid bugs 4 lichens 4 kobold zombies 2 newts 39 creatures vanquished. No species were genocided or became extinct. Voluntary challenges: You read items or engraved 3 times. You never genocided any monsters. You never polymorphed an object. You never changed form. You never touched an artifact. You used no wishes. You never scared an enemy with impunity. You were celibate. You never generated conflict. Achievements: You entered the Gnomish Mines. You attained the rank of Conjurer. Dungeon overview: The Dungeons of Doom: levels 1 to 4 Level 1: "lk-box" Level 2: "vault" Stairs down to The Gnomish Mines. Level 3: Level 4: <- You were here. Final resting place for you, poisoned by a rotted jackal corpse, while praying. The Gnomish Mines: Level 3: Game over: __________ / \ / REST \ / IN \ / PEACE \ / \ | Catomat | | 131 Au | | poisoned by a | | rotted jackal | | corpse | | | | 2024 | *| * * * | * _________)/\\_//(\/(/\)/\//\/|_)_______ Goodbye Catomat the Wizard... You were poisoned in The Dungeons of Doom on dungeon level 4 with 602 points, and 131 pieces of gold, after 1082 moves. You were level 4 with a maximum of 25 hit points when you were poisoned.